 Dungeon Crawl Stone Soup version 0.18-a0-1206-g2bec475 (webtiles) character file.

1571 Lianjan the Spear-Bearer (level 9, -5/64 HPs)
             Began as a Formicid Fighter on Feb 1, 2016.
             Was a Follower of Okawaru.
             Slain by a water moccasin (8 damage)
             ... on level 5 of the Dungeon.
             The game lasted 00:24:13 (4351 turns).

Lianjan the Spear-Bearer (Formicid Fighter)         Turns: 4351, Time: 00:24:13

Health: -5/64      AC:  9    Str: 24    XL:     9   Next: 13%
Magic:  9/9        EV:  9    Int:  8    God:    Okawaru [*.....]
Gold:   204        SH:  5    Dex: 10    Spells: 0 memorised, 8 levels left

rFire  . . .     SeeInvis +     w - +0 halberd
rCold  . . .     Gourm    .     b - +0 scale mail
rNeg   . . .     Faith    .     i - +0 buckler
rPois  .         Spirit   .     (helmet unavailable)
rElec  .         Dismiss  .     (no cloak)
rCorr  .         Reflect  .     s - +0 pair of gloves
SustAt .         Harm     .     p - +0 pair of boots
MR     .....                    (no amulet)
Stlth  ..........               (no ring)
                                (no ring)

@: lethally poisoned (-5 -> -6), very slightly contaminated, invisible
(expiring), not resistant to hostile enchantments, extremely unstealthy
A: permanent stasis, dig shafts and tunnels, four strong arms, antennae 3, wild
magic 1, evolution 1
a: Dig, Shaft Self, Heroism, Renounce Religion


You were on level 5 of the Dungeon.
You worshipped Okawaru.
Okawaru was aware of your devotion.
You were very hungry.

You visited 2 branches of the dungeon, and saw 6 of its levels.

You collected 204 gold pieces.

Inventory:

Hand Weapons
 h - a +2 whip of electrocution
 q - a +0 hunting sling
 u - the +2 dagger of Yjyng {pierce, rElec Dex+3}
   (You found it on level 4 of the Dungeon)

   It inflicts extra damage upon your enemies.
   It affects your dexterity (+3).
   It insulates you from electricity.
 w - a +0 halberd (weapon)
Missiles
 n - 70 stones (quivered)
Armour
 b - a +0 scale mail (worn)
 c - a +0 shield
 i - a +0 buckler (worn)
 p - a +0 pair of boots (worn)
 s - a +0 pair of gloves (worn)
Jewellery
 a - an uncursed amulet of faith
Scrolls
 e - 3 scrolls of identify
 m - a scroll of recharging
 o - a scroll of remove curse
 t - a scroll of teleportation {unknown}
Potions
 d - a potion of flight
 j - 2 potions of cure mutation
 k - a potion of magic
Books
 l - a book of Conjurations

   Spells                             Type                      Level
   a - Magic Dart                     Conjuration                  1
   b - Searing Ray                    Conjuration                  2
   c - Dazzling Spray                 Conjuration/Hexes            3
   d - Fulminant Prism                Conjuration/Hexes            4
   e - Iskenderun's Mystic Blast      Conjuration                  4
   f - Iskenderun's Battlesphere      Conjuration/Charms           5
Comestibles
 f - 6 bread rations
 r - 3 meat rations
 v - 2 beef jerkies


   Skills:
 - Level 3.2 Fighting
 * Level 9.2 Polearms
 - Level 3.2 Armour
 + Level 8.2 Shields


You had 8 spell levels left.
You didn't know any spells.

Dungeon Overview and Level Annotations

Branches:
Dungeon (5/15)             Temple (1/1) D:4

Altars:
Ashenzari
Cheibriados
Dithmenos
Elyvilon
Gozag
Kikubaaqudgha
Makhleb
Nemelex Xobeh
Okawaru
Pakellas
Qazlal
Ru
Sif Muna
Trog
Vehumet
Xom
Yredelemnul
Zin
The Shining One


Innate Abilities, Weirdness & Mutations

You are under a permanent stasis effect.
You can dig through walls and to a lower floor.
Your four strong arms can wield two-handed weapons with a shield.
You have a pair of large antennae on your head (SInv).
Your spells are a little harder to cast, but a little more powerful.
You evolve.


Message History

You feel sick. The water moccasin barely misses you.
You are feeling very hungry.
You feel sick.
The water moccasin bites you but does no damage.
You feel sick. The water moccasin closely misses you.
You feel sick. The water moccasin bites you.
* * * LOW HITPOINT WARNING * * *
Read which item? (? for menu, Esc to quit)
As you read the scroll labeled FAF WIYCSONLAEG, it crumbles to dust.
It is a scroll of recharging.
You aren't carrying any rechargeable items.
You feel sick. The water moccasin bites you.
* * * LOW HITPOINT WARNING * * *
Read which item? (? for menu, Esc to quit)
As you read the scroll labeled CEAD LOJ USUI, it crumbles to dust.
You feel blessed for a moment.
It was a scroll of remove curse.
You flicker for a moment.
The water moccasin barely misses you. The water moccasin bites you!
You die...

# #..#.......#
# #..#.......#
##
#..##.....##
.#
#..####.####.#
##
#............#
#
#.#)####.#####
#. #.#
#.####.#
#...@.##
#####S# #{o#
#.## ##.# #
#o## ### #.#
).## ##.#
...## #.##


You could see a water moccasin and an orc.

Vanquished Creatures
  Pikel (D:5)
  Grinder (D:3)
  An ogre (D:5)
  A centaur (D:5)
  Blork the orc (D:4)
  A scorpion (D:5)
  2 orc priests
  2 hounds (D:4)
  4 orc wizards
  A giant frog skeleton (D:4)
  Jessica (D:3)
  3 worker ants (D:5)
  Ijyb (D:3)
  Robin (D:3)
  12 gnolls
  4 adders
  A shadow imp (D:5)
  2 worms
  3 giant geckos
  7 orcs
  4 giant cockroaches
  10 goblins
  10 hobgoblins
  8 jackals
  4 quokkas
  A ball python skeleton (D:4)
  10 bats
  4 giant newts
  6 kobolds
  8 rats
115 creatures vanquished.

Vanquished Creatures (others)
  A worker ant zombie (D:5)
1 creature vanquished.

Grand Total: 116 creatures vanquished

Notes
Turn   | Place    | Note
--------------------------------------------------------------
     0 | D:1      | Lianjan the Formicid Fighter began the quest for the Orb.
     0 | D:1      | Reached XP level 1. HP: 18/18 MP: 1/1
   121 | D:1      | Reached XP level 2. HP: 4/24 MP: 2/2
   376 | D:1      | Reached skill level 4 in Shields
   460 | D:1      | Reached XP level 3. HP: 29/29 MP: 3/3
   810 | D:2      | Reached XP level 4. HP: 20/35 MP: 4/4
  1327 | D:2      | Found a basalt altar of Yredelemnul.
  1514 | D:3      | Noticed Robin
  1538 | D:3      | Killed Robin
  1538 | D:3      | Reached XP level 5. HP: 36/41 MP: 5/5
  1550 | D:3      | Noticed Ijyb
  1560 | D:3      | Killed Ijyb
  1664 | D:3      | Noticed Jessica
  1670 | D:3      | Killed Jessica
  1670 | D:3      | Reached skill level 5 in Shields
  1774 | D:3      | Noticed Grinder
  1809 | D:3      | Killed Grinder
  1809 | D:3      | Reached skill level 5 in Polearms
  1809 | D:3      | Reached XP level 6. HP: 11/47 MP: 6/6
  1809 | D:3      | Reached XP level 7. HP: 12/52 MP: 7/7
  2184 | D:3      | Reached skill level 6 in Polearms
  2763 | D:4      | Got a translucent dagger
  2764 | D:4      | Identified the +2 dagger of Yjyng {pierce, rElec Dex+3} (You found it on level 4 of the Dungeon)
  2918 | D:4      | Noticed Blork the orc
  2928 | D:4      | Killed Blork the orc
  2964 | D:4      | Gained mutation: You evolve. [potion of beneficial mutation]
  3209 | D:4      | Found a staircase to the Ecumenical Temple.
  3220 | Temple   | Entered the Ecumenical Temple
  3287 | Temple   | Became a worshipper of Warmaster Okawaru
  3396 | D:4      | Gained mutation: Your spells are a little harder to cast, but a little more powerful. [evolution]
  3424 | D:5      | Entered Level 5 of the Dungeon
  3454 | D:5      | Reached skill level 7 in Polearms
  3454 | D:5      | Reached XP level 8. HP: 56/58 MP: 8/8
  3465 | D:5      | Noticed Pikel
  3477 | D:5      | Killed Pikel
  3477 | D:5      | Reached * piety under Okawaru
  3477 | D:5      | Reached skill level 8 in Polearms
  3691 | D:5      | Found a sacrificial altar of Ru.
  3774 | D:5      | Reached XP level 9. HP: 49/64 MP: 9/9
  3958 | D:5      | Reached skill level 9 in Polearms
  4350 | D:5      | HP: 3/64 [water moccasin (2)]
  4351 | D:5      | Slain by a water moccasin

Vault maps used:
D:1:      minmay_arrival_four_loops
D:2:      kennysheep_pointless_box, yredelemnul_altar_generic
D:3:      uniq_grinder, uniq_jessica, uniq_robin, uniq_iyjb
D:4:      minmay_temple_entry_junction, first_bread, uniq_blork_the_orc
D:5:      old_standard_altar, minivault_23, minmay_parallelograms, uniq_pikel
Temple:   dpeg_three_leaves_temple_18

Action                   |  1- 3 |  4- 6 |  7- 9 || total
-------------------------+-------+-------+-------++-------
Melee: Trident           |    84 |   170 |   107 ||   361
       Halberd           |       |       |   141 ||   141
Invok: Heroism           |       |       |     1 ||     1
 Abil: Dig               |       |     1 |       ||     1
  Use: Potion            |     1 |     2 |     3 ||     6
       Scroll            |       |       |     8 ||     8
  Eat: Chunk             |       |     3 |     8 ||    11
